 Dungeon Crawl Stone Soup version 0.29.1-4-g47bece8355 (webtiles) character file.

Game seed: 13884764595482301207

257 PhantomBowie the Trooper (level 6, -2/39 HPs)
             Began as a Gargoyle Berserker on Dec 4, 2022.
             Was a Believer of Trog.
             Killed by divine providence
             ... invoked by an orc priest
              (14 damage)
             ... on level 3 of the Dungeon.
             The game lasted 00:10:45 (3138 turns).

PhantomBowie the Trooper (Gargoyle Berserker)       Turns: 3138, Time: 00:10:46

Health: -2/39      AC: 13    Str: 22    XL:     6   Next: 16%
Magic:  6/6        EV: 10    Int:  8    God:    Trog [**....]
Gold:   62         SH:  0    Dex:  9    Spells: 5/5 levels left

rFire   . . .      SeeInvis .   t - +0 flail
rCold   . . .      Faith    .   p - +0 buckler
rNeg    + . .      Spirit   .   a - +0 scale mail
rPois   ∞          Reflect  .   j - +0 helmet
rElec   +          Harm     .   (no cloak)
rCorr   .          Rampage  .   (no gloves)
Will    .....                   h - +0 pair of boots
Stlth   ..........              (no amulet)
HPRegen 0.13/turn               (no ring)
MPRegen 0.10/turn               (no ring)

@: confused, on berserk cooldown, slowed, very slow
A: sickness immunity, AC +4, negative energy resistance 1, electricity
resistance, torment resistance 1, petrification resistance
a: Renounce Religion, Berserk, Trog's Hand


You were on level 3 of the Dungeon.
You worshipped Trog.
Trog was pleased with you.
You visited 1 branch of the dungeon, and saw 3 of its levels.

You collected 62 gold pieces.

Inventory:

Hand Weapons
 t - a +0 flail (weapon)
Armour
 a - a +0 scale mail (worn)
 h - a +0 pair of boots (worn)
 j - a +0 helmet (worn)
 p - a +0 buckler (worn)
Wands
 m - a wand of flame (14)
Scrolls
 b - 2 scrolls of enchant weapon {unknown}
 e - a scroll of silence {unknown}
 f - a scroll of blinking {unknown}
 k - a scroll of amnesia {unknown}
 n - a scroll of magic mapping {unknown}
 s - a scroll of immolation {unknown}
Potions
 c - 2 potions of invisibility {unknown}
 g - 2 potions of degeneration {unknown}
 i - a potion of attraction {unknown}
 l - a potion of ambrosia {unknown}
 o - 2 potions of cancellation {unknown}
 q - 2 potions of lignification {unknown}
 r - a potion of brilliance {unknown}


   Skills:
 + Level 4.6 Fighting
 + Level 4.2 Maces & Flails
 + Level 3.8 Armour
 + Level 2.8 Dodging
 + Level 0.0 Shields


You had 5 spell levels left.
You didn't know any spells.
Your spell library was empty.

Dungeon Overview and Level Annotations

Branches:
Dungeon (3/15)

Altars:

Shops:
D:2 [


Innate Abilities, Weirdness & Mutations

You are immune to sickness and miasma.
Your stone body is resilient. (AC +4)
You are immune to poison.
You resist negative energy. (rN+)
You are resistant to electric shocks. (rElec)
You are resistant to unholy torment.
You are immune to petrification.


Message History

You are confused.
The orc priest mumbles some strange prayers to Beogh against you.
Beogh smites you!
The orc wizard hits you with a +0 dagger.
You're too confused to move!
You feel a strong urge to attack something.
You hear some strange, mumbled words.
Something tries to affect you, but you resist.
The orc priest hits you but does no damage.
The orc wizard casts a spell at you. The magic dart hits you.
You closely miss the orc priest. Something hits you but does no damage.
The orc priest hits you with a +0 club.
The orc wizard hits you but does no damage.
You completely miss something.
You bump into the rock wall.
The orc wizard points at you and mumbles some strange words.
You are more confused.
Something hits you but does no damage.
The orc priest hits you but does no damage.
You sock the orc priest!
The orc priest is almost dead.
Something hits you but does no damage.
The orc wizard gestures at you while chanting.
You are more confused.
The orc priest mumbles some strange prayers to Beogh against you.
Pain shoots through your body!
You bump into the rock wall.
You are no longer berserk.
You are exhausted.
You feel yourself slow down.
You barely miss the orc priest.
The orc priest is almost dead.
Something hits you but does no damage.
The orc priest hits you but does no damage.
The orc wizard casts a spell at you.
The magic dart hits you but does no damage.
The orc priest mumbles some strange prayers to Beogh against you.
Beogh smites you!
You die...

# #.##...## # #......#
############ .....
####...# #...........
##..#
####....###........... .
#.....................
###.......##...........:
...........##............
#####...oo.....(.........
.......@{.#)............
#....######.....########
##... #.....# ...#>
#.....# ##.
######.....#####
#..............#
#..............#
#..............#
#...o..........#


You could see an orc priest and an orc wizard.

Vanquished Creatures
  Sigmund (D:2)
  Robin (D:1)
  3 gnolls
  An adder (D:2)
  3 worms (D:2)
  A dart slug (D:3)
  An orc (D:3)
  4 bats
  6 endoplasms
  2 giant cockroaches
  10 goblins
  6 hobgoblins
  A quokka (D:2)
  2 ball pythons (D:1)
  3 kobolds
  6 rats
51 creatures vanquished.

Notes
Turn   | Place    | Note
-------+----------+-------------------------------------------
     0 | D:1      | PhantomBowie the Gargoyle Berserker began the quest for the
                  | Orb.
     0 | D:1      | Reached XP level 1. HP: 14/14 MP: 1/1
     7 | D:1      | You fall into a shaft and drop 1 floor!
   418 | D:1      | Reached XP level 2. HP: 17/19 MP: 2/2
   871 | D:2      | Noticed Robin
   875 | D:2      | Noticed Sigmund
   879 | D:2      | Reached XP level 3. HP: 23/23 MP: 3/3
  1056 | D:1      | Reached ** piety under Trog
  1276 | D:1      | Killed Robin
  1616 | D:2      | Reached XP level 4. HP: 29/29 MP: 4/4
  1685 | D:2      | Found Wurph's Armour Shoppe.
  1693 | D:2      | Killed Sigmund
  1694 | D:2      | Reached XP level 5. HP: 16/34 MP: 5/5
  1994 | D:1      | Reached XP level 6. HP: 14/39 MP: 6/6
  3138 | D:3      | Killed from afar by an orc priest

Illustrated notes

Levels and vault maps discovered:
D:1:      elethiomel_arrival_maze, layout_rooms
D:2:      layout_loops_ring, serial_shops, shop_fountains, uniq_sigmund,
          uniq_robin
D:3:      layout_basic, chequers_ecumenical_altar_island,
          kennysheep_big_empty_room

Skill      XL: |  1  2  3  4 |
---------------+-------------+-----
Dodging        | 2 |  2.8
Fighting       | 4 |  4.6
Maces & Flails | 4 |  4.2
Armour         | 3 |  3.8

Action                   |  1- 3 |  4- 6 || total
-------------------------+-------+-------++-------
Melee: Mace              |   100 |    81 ||   181
       Punch             |     1 |     1 ||     2
       Flail             |       |    33 ||    33
Invok: Berserk           |     1 |     2 ||     3
Armor: Ring mail         |    26 |    47 ||    73
       Scale mail        |       |    25 ||    25
Dodge: Dodged            |    58 |    67 ||   125
Block: Buckler           |       |    10 ||    10
